 Dungeon Crawl Stone Soup version 0.23-a0-844-gdc03e01 (console) character file.

17 bli the Ducker (level 2, -2/24 HPs)
             Began as a Merfolk Monk on Jan 26, 2019.
             Slain by a worm (7 damage)
             ... on level 2 of the Dungeon.
             The game lasted 00:01:56 (897 turns).

bli the Ducker (Merfolk Monk)                        Turns: 897, Time: 00:01:57

Health: -2/24      AC:  3    Str: 11    XL:     2   Next: 62%
Magic:  2/2        EV: 15    Int:  9    God:
Gold:   32         SH:  0    Dex: 16    Spells: 1/1 levels left

rFire    . . .     SeeInvis .   a - +0 falchion
rCold    . . .     Gourm    .   (no shield)
rNeg     . . .     Faith    .   k - +0 robe
rPois    .         Spirit   .   (no helmet)
rElec    .         Reflect  .   (no cloak)
rCorr    +         Harm     .   (no gloves)
MR       .....                  i - +0 pair of boots
Stlth    +++.......             (no amulet)
HPRegen  0.08/turn              g - ring of stealth
MPRegen  0.08/turn              l - ring of resist corrosion

@: no status effects
A: change form in water, swift swim, stealthy swim
a: no special abilities


You were on level 2 of the Dungeon.
You were not hungry.

You visited 1 branch of the dungeon, and saw 2 of its levels.

You collected 32 gold pieces.

Inventory:

Hand Weapons
 a - a +0 falchion (weapon)
 b - a +0 dagger
Missiles
 j - 2 stones (quivered)
Armour
 i - a +0 pair of boots (worn)
 k - a +0 robe (worn)
Jewellery
 g - a ring of stealth (left hand)
 l - a ring of resist corrosion (right hand)
Scrolls
 d - 3 scrolls of identify {unknown}
 e - a scroll of fear {unknown}
 h - 3 scrolls of immolation {unknown}
Potions
 f - a potion of brilliance {unknown}
 m - 2 potions of curing {unknown}
 n - a potion of heal wounds {unknown}
Comestibles
 c - a ration


   Skills:
 + Level 3.5 Fighting
 + Level 3.6 Long Blades
 * Level 4.6 Dodging
 - Level 2.1 Stealth


You had one spell level left.
You didn't know any spells.
Your spell library was empty.

Dungeon Overview and Level Annotations

Branches:
Dungeon (2/15)

Altars:


Message History

* * * LOW HITPOINT WARNING * * *
You hit the worm.
The worm is severely wounded.
The worm barely misses you.
You riposte.
You hit the worm.
The worm is almost dead.
Throwing (i - inventory)
j - 4 stones (quivered)
Press: ? - help, Shift-Dir - straight line, f - worm
Aim: a worm (almost dead)
You throw a stone. The stone barely misses the worm.
The stone hits the hobgoblin but does no damage.
The frilled lizard unfolds its giant frill.
Throwing (i - inventory)
j - 3 stones (quivered)
Press: ? - help, Shift-Dir - straight line, f/p - worm
Aim: a worm (almost dead)
You throw a stone. The stone barely misses the worm.
The stone hits the hobgoblin but does no damage.
You hit the worm.
The worm is almost dead.
The worm bites you!
You die...

### ###### .... #....#
..... #.##.####g.....
#.######.##.@wggl.....
#........#######......
#######........# .....
#........# ....
#........# ...
##........# ..
#...#+##.###.# #
#.#.#.##.# #.#
#.#.#.##.# #.#
#.#.#.##.# #.# #
#.#.##.###.#


You could see a worm, a hobgoblin, 2 goblins and a frilled lizard.

Vanquished Creatures
  A dart slug (D:2)
  A leopard gecko (D:2)
  2 goblins (D:1)
  2 hobgoblins (D:1)
  3 bats (D:1)
  A frilled lizard (D:1)
  A kobold (D:1)
  3 rats (D:1)
14 creatures vanquished.

Notes
Turn   | Place    | Note
-------+----------+-------------------------------------------
     0 | D:1      | bli the Merfolk Monk began the quest for the Orb.
     0 | D:1      | Reached XP level 1. HP: 18/18 MP: 1/1
   492 | D:1      | Reached XP level 2. HP: 23/24 MP: 2/2
   897 | D:2      | Slain by a worm

Vault maps used:
D:1:      dpeg_arrival_subterranean_lakeside_camping
D:2:      lemuel_coloured_pillars_altar, first_ration

Action                   || total
-------------------------++-------
Melee: Falchion          ||    37
Throw: Stone             ||     2
 Stab: Sleeping          ||     7
Armor: Robe              ||     3
Dodge: Dodged            ||    24
       Rpst.: Falchion   ||    11

Table legend:
 A = Non-vault XP
 B = Vault XP
 C = Vault XP percentage of total XP
 D = Non-vault monster count
 E = Vault monster count
 F = Vault count percentage of total count
                 A         B        C        D         E       F
            +---------+---------+-------+---------+---------+-------
      Total |      15 |      10 |  40.0 |       8 |       6 |  42.9
            +---------+---------+-------+---------+---------+-------
        D:1 |       8 |      10 |  55.6 |       6 |       6 |  50.0
        D:2 |       7 |       0 |   0.0 |       2 |       0 |   0.0
            +---------+---------+-------+---------+---------+-------
